 Dungeon Crawl Stone Soup version 0.31.0-11-ge490571c62 (webtiles) character file.

Game seed: 2616619386222184558

54 qw the Shooter (level 3, -3/20 HPs)
             Began as a Deep Elf Hunter on Feb 5, 2024.
             Slain by Grinder (4 damage)
             ... on level 2 of the Dungeon.
             The game lasted 00:00:07 (1796 turns).

qw the Shooter (Deep Elf Hunter)                    Turns: 1796, Time: 00:00:08

Health: -3/20      AC:  6    Str: 10    XL:     3   Next: 66%
Magic:  5/5        EV: 11    Int: 13    God:
Gold:   113        SH:  0    Dex: 18    Spells: 2/2 levels left

rFire   . . .        a - +1 shortbow (drain)
rCold   . . .        (shield currently unavailable)
rNeg    . . .        e - +0 ring mail
rPois   .            (no helmet)
rElec   .            (no cloak)
rCorr   .            (no gloves)
SInv    .            i - +0 pair of boots
Will    .....        h - amulet of faith
Stlth   +            (no ring)
HPRegen 0.23/turn    (no ring)
MPRegen 0.09/turn

%: faith
@: hasted (expiring), invisible (expiring), very quick
A: no striking features
a: no special abilities


You were on level 2 of the Dungeon.
You visited 1 branch of the dungeon, and saw 3 of its levels.

You collected 113 gold pieces.


   Skills:
 - Level 1.5 Fighting
 + Level 7.2 Ranged Weapons
 - Level 2.4 Dodging
 - Level 1.2 Stealth


You had 2 spell levels left.
You didn't know any spells.
Your spell library was empty.

Inventory:

Hand Weapons
 a - a +1 shortbow of draining (weapon)
Armour
 e - a +0 ring mail (worn)
 i - a +0 pair of boots (worn)
Jewellery
 h - an amulet of faith (around neck)
Potions
 b - a potion of degeneration {unknown}
 c - a potion of haste
 g - 2 potions of mutation
 j - a potion of heal wounds {unknown}

Dungeon Overview and Level Annotations

Branches:
Dungeon (3/15)

Altars:

Annotations:
D:2 Grinder


Message History

Grinder is moderately wounded.
Grinder closely misses you.
You shoot an arrow. The arrow barely misses Grinder.
Grinder hits you.
You writhe in agony.
You shoot an arrow. The arrow barely misses Grinder.
Grinder barely misses you.
You shoot an arrow. The arrow closely misses Grinder.
Grinder says, "Tell me all your secrets, or I'll kill you."
Grinder gestures at you.
You barely resist. You shoot an arrow.
The arrow hits Grinder but does no damage.
Grinder is moderately wounded.
You shoot an arrow. The arrow hits Grinder.
Grinder is moderately wounded.
Grinder gestures at you.
You suddenly lose the ability to move!
Grinder hits you.
You writhe in agony.
Grinder hits you but does no damage.
You can move again.
You shoot an arrow. The arrow hits Grinder.
Grinder is moderately wounded.
You flicker for a moment.
Grinder closely misses you.
You shoot an arrow. The arrow hits Grinder!
Grinder is severely wounded.
Your extra speed is starting to run out.
Grinder hits you.
You writhe in agony.
You shoot an arrow.
The arrow hits Grinder but does no damage.
Grinder is heavily wounded.
You shoot an arrow. The arrow hits Grinder!
Grinder is severely wounded.
Grinder blinks!
You shoot an arrow. The arrow barely misses Grinder.
Grinder barely misses you.
You shoot an arrow. The arrow closely misses Grinder.
Grinder hits you.
You die...
Grinder says, "Hey, I wasn't done torturing you yet!"

#......# ##.####..~
##...##.# #.###.#~.
##.###.#.# #.##.#..¤
#.## ##..# ##+##.#...
#.# #..# ##...#.#...
#.## ##..# ##......#...
##.###.#.#
##.......#..~
##......###.........#¤¤
##...@...'...........~
##..5..##..:.<....#¤#
##.##.###.......###.
####.# ##.....## ## #.#
##...## #
#.######'#######
#.##..........).
#.##.###...####.
#.##.###...####.


You could see Grinder (unable to see you).

Vanquished Creatures
  2 adders (D:2)
  3 dart slugs (D:1)
  2 bats (D:1)
  A giant cockroach (D:1)
  5 goblins
  2 hobgoblins (D:1)
  A quokka (D:1)
  3 ball pythons
  5 frilled lizards
  5 kobolds
  4 rats
33 creatures vanquished.

Notes
Turn   | Place    | Note
-------+----------+-------------------------------------------
     0 | D:1      | qw the Deep Elf Hunter began the quest for the Orb.
     0 | D:1      | Reached XP level 1. HP: 12/12 MP: 3/3
     0 | D:1      | 0 ||| qw: Version: 0.3-a-160-g6735b56
     0 | D:1      | 0 ||| qw: Game counter: 6247
     0 | D:1      | 0 ||| qw: Melee chars always use a shield: true
     0 | D:1      | 0 ||| qw: God list: Okawaru
     0 | D:1      | 0 ||| qw: Allow faded altars: false
     0 | D:1      | 0 ||| qw: Do Orc after clearing Dungeon:15 true
     0 | D:1      | 0 ||| qw: Do second Lair branch before Depths: true
     0 | D:1      | 0 ||| qw: Lair rune preference: random
     0 | D:1      | 0 ||| qw: Goals: Normal
     0 | D:1      | 0 ||| PLANNING D:1-11
   113 | D:1      | Reached XP level 2. HP: 14/16 MP: 4/4
   116 | D:1      | Reached skill level 6 in Ranged Weapons
   730 | D:1      | 730 ||| UPGRADING to +0 ring mail.
   740 | D:1      | 740 ||| DROPPING +0 leather armour.
   741 | D:1      | 741 ||| UPGRADING to amulet of faith.
   746 | D:1      | 746 ||| READING scroll labelled JALISO GONAL.
   747 | D:1      | 747 ||| READING scroll labelled KERHOR OCKIUP.
   747 | D:1      | 747 ||| IDENTIFYING 2 amethyst potions
   748 | D:1      | 748 ||| READING scroll labelled BUBEJU XUROTYNLO.
   753 | D:1      | 753 ||| READING scroll labelled CAQEUN ZUAPN.
   754 | D:1      | 754 ||| DRINKING 2 fuming brown potions.
   791 | D:1      | 791 ||| DROPPING scroll of butterflies.
   792 | D:1      | 792 ||| DROPPING potion of lignification.
   841 | D:2      | Found a faded altar of an unknown god.
   953 | D:2      | Reached XP level 3. HP: 20/20 MP: 5/5
  1252 | D:2      | Reached skill level 7 in Ranged Weapons
  1318 | D:2      | HP: 4/20 [poisoned by an adder]
  1638 | D:2      | 1638 ||| UPGRADING to +0 pair of boots.
  1643 | D:2      | 1643 ||| READING scroll labelled ISCHIO KYBOH.
  1643 | D:2      | 1643 ||| ENCHANTING +0 shortbow.
  1644 | D:2      | 1644 ||| READING scroll labelled TANIRGHISED.
  1644 | D:2      | 1644 ||| BRANDING +1 shortbow.
  1645 | D:2      | 1645 ||| READING scroll labelled LOIWUC YCOTIM.
  1746 | D:2      | 1746 ||| DRINKING 2 green potions.
  1747 | D:2      | 1747 ||| DRINKING 2 red potions.
  1748 | D:2      | 1748 ||| DROPPING potion of invisibility.
  1772 | D:3      | Noticed Grinder
  1781 | D:3      | 1781 ||| STAIRDANCE
  1788 | D:2      | Paralysed by Grinder for 2 turns
  1792 | D:2      | HP: 2/20 [Grinder (5)]
  1796 | D:2      | Slain by Grinder

Levels and vault maps discovered:
D:1:      minmay_arrival_solitary_statue, layout_basic
D:2:      layout_loops_corners, shapermc_ecumenical_altar_starsandcircs
D:3:      layout_loops_cross, lightli_temple_of_fire,
          grunt_temple_overflow_open, uniq_robin, uniq_grinder, uniq_jessica

Skill      XL: |  1  2  3 |
---------------+----------+-----
Ranged Weapons | 6 7 |  7.2
Fighting       | |  1.5
Dodging        | |  2.4
Stealth        | |  1.2

Action                     || total
---------------------------++-------
   Fire: Shortbow          ||    96
    Use: Scroll            ||     7
         Potion            ||     3
 Armour: Leather armour    ||     7
         Ring mail         ||    13
  Dodge: Dodged            ||    23

Table legend:
 A = Non-vault XP
 B = Vault XP
 C = Vault XP percentage of total XP
 D = Non-vault monster count
 E = Vault monster count
 F = Vault count percentage of total count
                 A         B        C        D         E       F
            +---------+---------+-------+---------+---------+-------
      Total |      78 |       0 |   0.0 |      33 |       0 |   0.0
            +---------+---------+-------+---------+---------+-------
        D:1 |      37 |       0 |   0.0 |      19 |       0 |   0.0
        D:2 |      41 |       0 |   0.0 |      14 |       0 |   0.0
            +---------+---------+-------+---------+---------+-------
